Capitals vs Canucks
Created - February 2, 2025 at 11:15
Goals
|
| Capitals |
0 |
1 |
1 |
2 |
| Canucks |
0 |
0 |
1 |
1 |
|
Shots
|
| Capitals |
8 |
9 |
14 |
31 |
| Canucks |
14 |
12 |
8 |
34 |
|
1st period
No Goal
Penalties :
Patrick Kane (Was) for Slashing (Minor) at 8:16
2nd period
1. Capitals , Nicklas Backstrom 5 (Taylor Hall 23, Alexei Marchenko 15) at 14:02
Penalties :
Nicolas Aube-Kubel (Was) for Cross-checking (Minor) at 9:57
3rd period
2. Capitals , Marko Dano 16 (Joe Colborne 15) at 0:52
3. Canucks , Chris Tierney 14 (J.T. Miller 30) at 10:23
Penalties :
Brandon Gormley (Was) for Slashing (Minor) at 1:16, Taylor Hall (Was) for Hooking (Minor) at 4:56, Tyler Cuma (Van) for Holding (Minor) at 12:05, Gilbert Brule (Van) for Cross-checking (Minor) at 15:41, Matt Martin (Van) for Slashing (Minor) at 18:42
Goalie Stats
Cory Schneider (Was), 33 saves from 34 shots - (0.971), W, 19-12-2, 60:00 minutes
Petr Mrazek (Van), 29 saves from 31 shots - (0.935), L, 15-13-4, 60:00 minutes
Players Stats for Capitals
Player Name G A P +/- PIM S H SB GA TA FO MP PP MP PK MP
------------------------------------------------------------------------------------
Alexei Marchenko 0 1 1 0 0 1 1 2 0 4 0/0 29:13 3:21 5:03
Blake Pietila 0 0 0 0 0 1 0 0 0 0 0/0 12:33 0:00 1:44
Bobby Ryan 0 0 0 1 0 3 1 0 0 0 0/1 15:22 2:18 0:00
Brandon Burlon 0 0 0 0 0 0 0 2 0 0 0/0 13:34 0:00 1:26
Brandon Gormley 0 0 0 0 2 0 0 0 0 1 0/0 27:46 3:21 3:37
Cody Hodgson 0 0 0 0 0 1 1 1 1 0 1/6 14:36 2:18 1:47
Colten Teubert 0 0 0 0 0 1 1 0 0 0 0/0 12:00 0:00 0:00
Jeff Skinner 0 0 0 0 0 1 0 0 0 0 0/0 8:10 0:00 0:49
Joe Colborne 0 1 1 1 0 3 2 0 0 0 6/17 13:56 0:00 0:34
Marko Dano 1 0 1 1 0 9 4 2 0 0 0/0 17:03 2:18 1:32
Mike Green 0 0 0 1 0 1 0 0 0 0 0/0 18:47 1:54 2:53
Nicklas Backstrom 1 0 1 0 0 2 2 0 0 0 22/35 20:04 2:57 1:32
Nicolas Aube-Kubel 0 0 0 0 2 0 0 1 0 0 0/0 10:48 0:00 0:00
Patrick Kane 0 0 0 0 2 4 1 1 0 0 4/8 22:50 2:57 4:03
Phil Kessel 0 0 0 0 0 1 1 0 0 0 0/0 6:57 0:00 0:00
Sergey Kalinin 0 0 0 0 0 1 0 0 1 0 2/3 6:57 0:00 0:00
Shea Theodore 0 0 0 1 0 2 0 2 0 2 0/0 18:47 1:54 2:53
Taylor Hall 0 1 1 0 2 0 1 1 1 0 1/1 22:37 2:57 3:51
Players Stats for Canucks
Player Name G A P +/- PIM S H SB GA TA FO MP PP MP PK MP
------------------------------------------------------------------------------------
Ben Harpur 0 0 0 0 0 2 1 0 0 1 0/0 19:56 2:54 1:34
Brock Boeser 0 0 0 -1 0 2 0 0 1 0 1/1 16:43 3:24 0:59
Chris Tierney 1 0 1 1 0 3 1 0 0 0 19/37 23:48 4:30 3:31
Daniel Zaar 0 0 0 0 0 0 0 0 1 0 0/0 8:10 0:02 0:00
Denis Gurianov 0 0 0 -1 0 2 0 0 1 0 0/0 12:01 0:02 0:36
Gilbert Brule 0 0 0 0 2 4 1 0 0 0 2/5 8:51 0:02 0:00
J.T. Miller 0 1 1 1 0 5 3 1 0 0 2/3 23:48 4:30 3:31
Jason Spezza 0 0 0 -1 0 1 0 0 0 0 0/0 10:14 0:00 0:00
Jordan Eberle 0 0 0 1 0 2 5 0 0 0 0/0 20:17 4:30 0:00
Mark Jankowski 0 0 0 0 0 2 1 0 1 0 0/0 7:47 0:00 0:00
Matt Martin 0 0 0 -1 2 2 1 0 0 0 0/0 16:00 3:24 0:45
Michael Kesselring 0 0 0 -2 0 1 0 0 0 0 0/0 11:00 0:00 0:12
Oliver Ekman-Larsson 0 0 0 1 0 3 2 2 0 0 0/0 29:22 5:02 3:41
Robert Nilsson 0 0 0 -1 0 0 1 0 1 0 4/8 10:34 0:00 0:00
Tony DeAngelo 0 0 0 -2 0 1 0 0 0 2 0/0 11:23 0:00 0:41
Travis Hamonic 0 0 0 1 0 2 1 2 0 0 0/0 29:22 5:02 3:41
Tyler Cuma 0 0 0 0 2 1 1 1 1 0 0/0 19:02 2:54 0:41
Yanni Gourde 0 0 0 -1 0 1 2 0 1 0 7/17 16:24 3:24 1:08
3 Stars
1 - Cory Schneider (Was)
2 - Marko Dano (Was)
3 - Nicklas Backstrom (Was)
Power Play
Capitals - 0 on 3 Attempt(s) - 0.00%
Canucks - 0 on 4 Attempt(s) - 0.00%
Penalty Kill
Capitals - 4 on 4 Attempt(s) - 100.00%
- Score 0 goal in Penalty Kill
Canucks - 3 on 3 Attempt(s) - 100.00%
- Score 0 goal in Penalty Kill
Team Stat
Capitals - Hits : 15 - Faceoff Wins : 36 - Blocked Shots : 12 - Penalty Minutes : 8
Canucks - Hits : 20 - Faceoff Wins : 35 - Blocked Shots : 6 - Penalty Minutes : 6
Official
Referees : Eric Furlatt and Jon McIsaac
Linesman : Devin Berg and Vaughan Rody
Game Notes
No Game Note
Finance
Level 1 -- Attendance: 5896 (98.27%) -- Ticket Income $589,600
Level 2 -- Attendance: 4881 (97.62%) -- Ticket Income $341,670
Level 3 -- Attendance: 2000 (100.00%) -- Ticket Income $80,000
Level 4 -- Attendance: 4000 (100.00%) -- Ticket Income $120,000
Luxury Box -- Attendance: 962 (96.20%) -- Ticket Income $192,400
Game was played at the Rodgers Arena.
Total Attendance: 17739 (98.55%)
Total Ticket Income: $1,323,670
Other Income: $198,550
Total Income: $1,522,220
Capitals
5 vs 5 Forward
Center Left Wing Right Wing Time % Phy DF OF
1 Nicklas Backstrom Taylor Hall Patrick Kane 40 0 1 4
2 Joe Colborne Marko Dano Bobby Ryan 30 0 1 4
3 Cody Hodgson Blake Pietila Nicolas Aube-Kubel 20 0 1 4
4 Sergey Kalinin Jeff Skinner Phil Kessel 10 0 2 3
5 vs 5 Defense
Defense Defense Time % Phy DF OF
1 Brandon Gormley Alexei Marchenko 40 0 3 2
2 Mike Green Shea Theodore 30 0 3 2
3 Colten Teubert Brandon Burlon 20 0 3 2
4 Brandon Gormley Alexei Marchenko 10 0 3 2
PowerPlay Forward
Center Left Wing Right Wing Time % Phy DF OF
1 Nicklas Backstrom Taylor Hall Patrick Kane 60 0 0 5
2 Cody Hodgson Marko Dano Bobby Ryan 40 0 0 5
PowerPlay Defense
Defense Defense Time % Phy DF OF
1 Brandon Gormley Alexei Marchenko 60 0 2 3
2 Mike Green Shea Theodore 40 0 2 3
Penalty Kill 4 Players Forward
Center Wing Time % Phy DF OF
1 Patrick Kane Taylor Hall 60 0 4 1
2 Nicklas Backstrom Marko Dano 40 0 4 1
Penalty Kill 4 Players Defense
Defense Defense Time % Phy DF OF
1 Brandon Gormley Alexei Marchenko 60 0 4 1
2 Mike Green Shea Theodore 40 0 4 1
Penalty Kill - 3 Players Forward
Forward Time % Phy DF OF
1 Patrick Kane 60 0 5 0
2 Taylor Hall 40 0 5 0
Penalty Kill - 3 Players Defense
Defense Defense Time % Phy DF OF
1 Brandon Gormley Alexei Marchenko 60 0 5 0
2 Mike Green Shea Theodore 40 0 5 0
4 vs 4 Forward
Center Wing Time % Phy DF OF
1 Patrick Kane Taylor Hall 60 0 1 4
2 Nicklas Backstrom Marko Dano 40 0 1 4
4 vs 4 Defense
Defense Defense Time % Phy DF OF
1 Brandon Gormley Alexei Marchenko 60 0 3 2
2 Mike Green Shea Theodore 40 0 3 2
Last Minutes Offensive
Center Left Wing Right Wing Defense Defense
Nicklas Backstrom Taylor Hall Patrick Kane Brandon Gormley Alexei Marchenko
Last Minutes Defensive
Center Left Wing Right Wing Defense Defense
Nicklas Backstrom Taylor Hall Patrick Kane Brandon Gormley Alexei Marchenko
Goaltenders
Starting : Cory Schneider
Backup : Chet Pickard
Extra Forwards
Normal : Taylor Hall, Patrick Kane, Marko Dano - PP : Taylor Hall, Patrick Kane - PK : Patrick Kane
Extra Defensemen
Normal : Brandon Gormley, Shea Theodore, Alexei Marchenko - PP : Shea Theodore - PK : Alexei Marchenko, Brandon Gormley
Penalty Shots
Patrick Kane, Taylor Hall, Nicklas Backstrom, Marko Dano, Jeff Skinner
Custom OT Lines Forwards
Patrick Kane, Taylor Hall, Nicklas Backstrom, Marko Dano, Jeff Skinner, Cody Hodgson, Blake Pietila, Joe Colborne, Bobby Ryan, Nicolas Aube-Kubel
Custom OT Lines Defensemen
Brandon Gormley, Alexei Marchenko, Mike Green, Shea Theodore, Colten Teubert
Scratches
None
Canucks
5 vs 5 Forward
Center Left Wing Right Wing Time % Phy DF OF
1 Chris Tierney J.T. Miller Jordan Eberle 40 1 2 2
2 Yanni Gourde Matt Martin Brock Boeser 30 1 2 2
3 Robert Nilsson Denis Gurianov Jason Spezza 20 1 2 2
4 Gilbert Brule Mark Jankowski Daniel Zaar 10 1 2 2
5 vs 5 Defense
Defense Defense Time % Phy DF OF
1 Oliver Ekman-Larsson Travis Hamonic 40 1 2 2
2 Tyler Cuma Ben Harpur 30 1 2 2
3 Tony DeAngelo Michael Kesselring 20 1 2 2
4 Oliver Ekman-Larsson Travis Hamonic 10 1 2 2
PowerPlay Forward
Center Left Wing Right Wing Time % Phy DF OF
1 Chris Tierney J.T. Miller Jordan Eberle 60 1 2 2
2 Yanni Gourde Matt Martin Brock Boeser 40 1 2 2
PowerPlay Defense
Defense Defense Time % Phy DF OF
1 Oliver Ekman-Larsson Travis Hamonic 60 1 2 2
2 Tyler Cuma Ben Harpur 40 1 2 2
Penalty Kill 4 Players Forward
Center Wing Time % Phy DF OF
1 Chris Tierney J.T. Miller 60 1 2 2
2 Yanni Gourde Matt Martin 40 1 2 2
Penalty Kill 4 Players Defense
Defense Defense Time % Phy DF OF
1 Oliver Ekman-Larsson Travis Hamonic 60 1 2 2
2 Tyler Cuma Ben Harpur 40 1 2 2
Penalty Kill - 3 Players Forward
Forward Time % Phy DF OF
1 Chris Tierney 60 1 2 2
2 Yanni Gourde 40 1 2 2
Penalty Kill - 3 Players Defense
Defense Defense Time % Phy DF OF
1 Oliver Ekman-Larsson Travis Hamonic 60 1 2 2
2 Tyler Cuma Ben Harpur 40 1 2 2
4 vs 4 Forward
Center Wing Time % Phy DF OF
1 Chris Tierney J.T. Miller 60 1 2 2
2 Yanni Gourde Matt Martin 40 1 2 2
4 vs 4 Defense
Defense Defense Time % Phy DF OF
1 Oliver Ekman-Larsson Travis Hamonic 60 1 2 2
2 Tyler Cuma Ben Harpur 40 1 2 2
Last Minutes Offensive
Center Left Wing Right Wing Defense Defense
Chris Tierney J.T. Miller Jordan Eberle Oliver Ekman-Larsson Travis Hamonic
Last Minutes Defensive
Center Left Wing Right Wing Defense Defense
Chris Tierney J.T. Miller Jordan Eberle Oliver Ekman-Larsson Travis Hamonic
Goaltenders
Starting : Petr Mrazek
Backup : Matt Hackett
Extra Forwards
Normal : Brock Boeser, Matt Martin, Robert Nilsson - PP : Brock Boeser, Matt Martin - PK : Brock Boeser
Extra Defensemen
Normal : Ben Harpur, Tony DeAngelo, Michael Kesselring - PP : Ben Harpur - PK : Ben Harpur, Tony DeAngelo
Penalty Shots
J.T. Miller, Jordan Eberle, Chris Tierney, Yanni Gourde, Brock Boeser
Custom OT Lines Forwards
J.T. Miller, Jordan Eberle, Chris Tierney, Yanni Gourde, Brock Boeser, Matt Martin, Robert Nilsson, Jason Spezza, Gilbert Brule, Denis Gurianov
Custom OT Lines Defensemen
Oliver Ekman-Larsson, Travis Hamonic, Tyler Cuma, Ben Harpur, Tony DeAngelo
Scratches
Alex Goligoski (Sprained Right Knee Injury), Tyler Kennedy (Healthy)
% Time on Ice - Capitals
Lines # - Real PCT - Wanted PCT - Time Play
Normal Forward
1 - 34% - 40% - 15:50
2 - 29% - 30% - 13:33
3 - 22% - 20% - 10:29
4 - 15% - 10% - 6:57
Normal Defense
1 - 39% - 40% - 18:07
2 - 30% - 30% - 14:00
3 - 26% - 20% - 12:00
4 - 6% - 10% - 2:42
PP Forward
1 - 56% - 60% - 2:57
2 - 44% - 40% - 2:18
PP Defense
1 - 64% - 60% - 3:21
2 - 36% - 40% - 1:54
PK Forward
1 - 81% - 60% - 6:24
2 - 19% - 40% - 1:32
PK Defense
1 - 64% - 60% - 5:03
2 - 36% - 40% - 2:53
PK3 Forward
1 - 0% - 60%
2 - 0% - 40%
PK3 Defense
1 - 0% - 60%
2 - 0% - 40%
44 Forward
1 - 0% - 60%
2 - 0% - 40%
44 Defense
1 - 0% - 60%
2 - 0% - 40%
Last Minute Offensive - 0:00
Last Minute Defensive - 0:00
Total
Forward - 60:00
Defense - 60:00
|
% Time on Ice - Canucks
Lines # - Real PCT - Wanted PCT - Time Play
Normal Forward
1 - 36% - 40% - 16:56
2 - 25% - 30% - 11:52
3 - 22% - 20% - 10:14
4 - 17% - 10% - 7:47
Normal Defense
1 - 39% - 40% - 18:21
2 - 33% - 30% - 15:28
3 - 23% - 20% - 10:42
4 - 5% - 10% - 2:18
PP Forward
1 - 57% - 60% - 4:32
2 - 43% - 40% - 3:24
PP Defense
1 - 63% - 60% - 5:02
2 - 37% - 40% - 2:54
PK Forward
1 - 78% - 60% - 4:07
2 - 22% - 40% - 1:08
PK Defense
1 - 70% - 60% - 3:41
2 - 30% - 40% - 1:34
PK3 Forward
1 - 0% - 60%
2 - 0% - 40%
PK3 Defense
1 - 0% - 60%
2 - 0% - 40%
44 Forward
1 - 0% - 60%
2 - 0% - 40%
44 Defense
1 - 0% - 60%
2 - 0% - 40%
Last Minute Offensive - 0:00
Last Minute Defensive - 0:00
Total
Forward - 60:00
Defense - 60:00
|
Play-by-Play
1st period
0:01 of 1st period - Chris Tierney wins face-off versus Nicklas Backstrom in neutral zone.
0:21 of 1st period - Nicklas Backstrom is hit by J.T. Miller and loses puck.
0:33 of 1st period - Icing by Taylor Hall.
0:34 of 1st period - Yanni Gourde wins face-off versus Nicklas Backstrom in Capitals zone.
0:35 of 1st period - Snap shot by Brock Boeser.
0:35 of 1st period - Shot Misses the Net.
0:53 of 1st period - Slapshot by Nicklas Backstrom.
0:53 of 1st period - Deflect By Matt Martin.
0:53 of 1st period - Shot Misses the Net.
0:53 of 1st period - Puck is out of play.
0:54 of 1st period - Robert Nilsson wins face-off versus Joe Colborne in Canucks zone.
2:35 of 1st period - Slapshot by Bobby Ryan.
2:35 of 1st period - Stopped by Petr Mrazek with a rebound.
3:36 of 1st period - Snap shot by Taylor Hall.
3:36 of 1st period - Shot Blocked by Tyler Cuma.
3:38 of 1st period - Slapshot by Nicklas Backstrom.
3:38 of 1st period - Shot Misses the Net.
3:40 of 1st period - Slapshot by Shea Theodore.
3:40 of 1st period - Deflect By Taylor Hall.
3:40 of 1st period - Shot Misses the Net.
3:40 of 1st period - Puck is out of play.
3:41 of 1st period - Robert Nilsson wins face-off versus Joe Colborne in Canucks zone.
3:54 of 1st period - Snap shot by Denis Gurianov.
3:54 of 1st period - Stopped by Cory Schneider with a rebound.
4:13 of 1st period - Snap shot by Blake Pietila.
4:13 of 1st period - Shot Misses the Net.
4:37 of 1st period - Wrist shot by Phil Kessel.
4:37 of 1st period - Shot Misses the Net.
4:39 of 1st period - Snap shot by Sergey Kalinin.
4:39 of 1st period - Shot Misses the Net.
4:41 of 1st period - Snap shot by Colten Teubert.
4:41 of 1st period - Stopped by Petr Mrazek with a rebound.
4:43 of 1st period - Slapshot by Jeff Skinner.
4:43 of 1st period - Shot Misses the Net.
5:14 of 1st period - Off-side.
5:15 of 1st period - Robert Nilsson wins face-off versus Bobby Ryan in neutral zone.
5:30 of 1st period - Slapshot by Denis Gurianov.
5:30 of 1st period - Stopped by Cory Schneider without a rebound.
5:31 of 1st period - Nicklas Backstrom wins face-off versus Yanni Gourde in Capitals zone.
5:56 of 1st period - J.T. Miller is hit by Joe Colborne and loses puck.
6:03 of 1st period - Snap shot by Joe Colborne.
6:03 of 1st period - Stopped by Petr Mrazek without a rebound.
6:04 of 1st period - Chris Tierney wins face-off versus Joe Colborne in Canucks zone.
6:04 of 1st period - Chris Tierney is hit by Bobby Ryan.
6:33 of 1st period - Mike Green is hit by Matt Martin and loses puck.
6:42 of 1st period - Slapshot by Brock Boeser.
6:42 of 1st period - Stopped by Cory Schneider with a rebound.
7:00 of 1st period - Wrist shot by Mark Jankowski.
7:00 of 1st period - Deflect By Taylor Hall.
7:00 of 1st period - Shot Misses the Net.
7:00 of 1st period - Puck is out of play.
7:01 of 1st period - Gilbert Brule wins face-off versus Nicklas Backstrom in Capitals zone.
7:10 of 1st period - Backhand shot by Mark Jankowski.
7:10 of 1st period - Stopped by Cory Schneider with a rebound.
7:12 of 1st period - Snap shot by Gilbert Brule.
7:12 of 1st period - Shot Blocked by Patrick Kane.
7:14 of 1st period - Snap shot by Travis Hamonic.
7:14 of 1st period - Stopped by Cory Schneider without a rebound.
7:15 of 1st period - Nicklas Backstrom wins face-off versus Chris Tierney in Capitals zone.
7:49 of 1st period - Snap shot by Bobby Ryan.
7:49 of 1st period - Stopped by Petr Mrazek with a rebound.
7:53 of 1st period - Wrist shot by Marko Dano.
7:53 of 1st period - Stopped by Petr Mrazek without a rebound.
7:54 of 1st period - Nicklas Backstrom wins face-off versus Robert Nilsson in Canucks zone.
7:55 of 1st period - Snap shot by Taylor Hall.
7:55 of 1st period - Shot Misses the Net.
8:05 of 1st period - Patrick Kane is hit by Robert Nilsson and loses puck.
8:16 of 1st period - Minor Penalty to Patrick Kane for Slashing.
8:17 of 1st period - Chris Tierney wins face-off versus Cody Hodgson in Capitals zone.
10:10 of 1st period - Matt Martin is hit by Marko Dano.
10:16 of 1st period - Penalty to Patrick Kane is over, Patrick Kane is back on ice.
10:19 of 1st period - Off-side.
10:20 of 1st period - Sergey Kalinin wins face-off versus Gilbert Brule in neutral zone.
10:36 of 1st period - Off-side.
10:37 of 1st period - Yanni Gourde wins face-off versus Joe Colborne in neutral zone.
11:06 of 1st period - Slapshot by Shea Theodore.
11:06 of 1st period - Stopped by Petr Mrazek with a rebound.
11:08 of 1st period - Wrist shot by Patrick Kane.
11:08 of 1st period - Stopped by Petr Mrazek with a rebound.
11:10 of 1st period - Slapshot by Taylor Hall.
11:10 of 1st period - Shot Misses the Net.
11:31 of 1st period - Icing by Blake Pietila.
11:32 of 1st period - Robert Nilsson wins face-off versus Cody Hodgson in Capitals zone.
11:39 of 1st period - Snap shot by Robert Nilsson.
11:39 of 1st period - Shot Misses the Net.
11:51 of 1st period - Slapshot by Jason Spezza.
11:51 of 1st period - Stopped by Cory Schneider with a rebound.
11:53 of 1st period - Slapshot by Oliver Ekman-Larsson.
11:53 of 1st period - Stopped by Cory Schneider without a rebound.
11:54 of 1st period - Nicklas Backstrom wins face-off versus Yanni Gourde in Capitals zone.
11:54 of 1st period - Nicklas Backstrom is hit by Oliver Ekman-Larsson.
12:20 of 1st period - Marko Dano is hit by J.T. Miller.
12:23 of 1st period - Off-side.
12:24 of 1st period - Chris Tierney wins face-off versus Joe Colborne in neutral zone.
12:27 of 1st period - Wrist shot by Chris Tierney.
12:27 of 1st period - Shot Blocked by Marko Dano.
12:29 of 1st period - Slapshot by Tyler Cuma.
12:29 of 1st period - Stopped by Cory Schneider without a rebound.
12:30 of 1st period - Nicklas Backstrom wins face-off versus Chris Tierney in Capitals zone.
12:37 of 1st period - Wrist shot by Chris Tierney.
12:37 of 1st period - Shot Blocked by Alexei Marchenko.
12:47 of 1st period - J.T. Miller is hit by Nicklas Backstrom and loses puck.
13:18 of 1st period - Snap shot by Mark Jankowski.
13:18 of 1st period - Shot Blocked by Nicolas Aube-Kubel.
13:20 of 1st period - Slapshot by Ben Harpur.
13:20 of 1st period - Deflect By Daniel Zaar.
13:20 of 1st period - Shot Misses the Net.
13:20 of 1st period - Puck is out of play.
13:21 of 1st period - Gilbert Brule wins face-off versus Cody Hodgson in Capitals zone.
13:44 of 1st period - Snap shot by Daniel Zaar.
13:44 of 1st period - Shot Blocked by Alexei Marchenko.
13:46 of 1st period - Slapshot by Tony DeAngelo.
13:46 of 1st period - Stopped by Cory Schneider with a rebound.
13:48 of 1st period - Slapshot by Gilbert Brule.
13:48 of 1st period - Stopped by Cory Schneider without a rebound.
13:49 of 1st period - Nicklas Backstrom wins face-off versus Chris Tierney in Capitals zone.
14:06 of 1st period - Snap shot by Patrick Kane.
14:06 of 1st period - Shot Misses the Net.
14:18 of 1st period - Snap shot by Brock Boeser.
14:18 of 1st period - Shot Blocked by Marko Dano.
14:20 of 1st period - Snap shot by Brock Boeser.
14:20 of 1st period - Shot Misses the Net.
14:22 of 1st period - Snap shot by Matt Martin.
14:22 of 1st period - Stopped by Cory Schneider without a rebound.
14:23 of 1st period - Brock Boeser wins face-off versus Joe Colborne in Capitals zone.
14:38 of 1st period - Snap shot by Yanni Gourde.
14:38 of 1st period - Shot Misses the Net.
14:48 of 1st period - Taylor Hall is hit by J.T. Miller and loses puck.
16:56 of 1st period - Icing by Brandon Burlon.
16:57 of 1st period - Yanni Gourde wins face-off versus Joe Colborne in Capitals zone.
17:10 of 1st period - Wrist shot by Matt Martin.
17:10 of 1st period - Shot Blocked by Brandon Burlon.
17:12 of 1st period - Snap shot by Brock Boeser.
17:12 of 1st period - Shot Misses the Net.
17:49 of 1st period - Slapshot by Cody Hodgson.
17:49 of 1st period - Shot Misses the Net.
17:51 of 1st period - Slapshot by Colten Teubert.
17:51 of 1st period - Shot Misses the Net.
17:53 of 1st period - Backhand shot by Colten Teubert.
17:53 of 1st period - Deflect By Blake Pietila.
17:53 of 1st period - Stopped by Petr Mrazek with a rebound.
17:55 of 1st period - Wrist shot by Blake Pietila.
17:55 of 1st period - Shot Misses the Net.
18:05 of 1st period - Wrist shot by Oliver Ekman-Larsson.
18:05 of 1st period - Stopped by Cory Schneider without a rebound.
18:06 of 1st period - Sergey Kalinin wins face-off versus Gilbert Brule in Capitals zone.
18:35 of 1st period - Slapshot by Yanni Gourde.
18:35 of 1st period - Stopped by Cory Schneider with a rebound.
18:37 of 1st period - Slapshot by Brock Boeser.
18:37 of 1st period - Deflect By Matt Martin.
18:37 of 1st period - Stopped by Cory Schneider without a rebound.
18:38 of 1st period - Yanni Gourde wins face-off versus Nicklas Backstrom in Capitals zone.
19:05 of 1st period - Wrist shot by Chris Tierney.
19:05 of 1st period - Shot Misses the Net.
Goals for this period are 0 for Capitals vs 0 for Canucks.
Shots for this period are 8 for Capitals vs 14 for Canucks.
2nd period
0:01 of 2nd period - Chris Tierney wins face-off versus Nicklas Backstrom in neutral zone.
0:10 of 2nd period - Snap shot by Jordan Eberle.
0:10 of 2nd period - Stopped by Cory Schneider with a rebound.
1:13 of 2nd period - Slapshot by Mark Jankowski.
1:13 of 2nd period - Stopped by Cory Schneider without a rebound.
1:14 of 2nd period - Chris Tierney wins face-off versus Sergey Kalinin in Capitals zone.
1:27 of 2nd period - Snap shot by Sergey Kalinin.
1:27 of 2nd period - Stopped by Petr Mrazek without a rebound.
1:28 of 2nd period - Chris Tierney wins face-off versus Nicklas Backstrom in Canucks zone.
2:17 of 2nd period - Brock Boeser is hit by Joe Colborne and loses puck.
2:24 of 2nd period - Snap shot by Marko Dano.
2:24 of 2nd period - Stopped by Petr Mrazek with a rebound.
2:38 of 2nd period - Slapshot by Jeff Skinner.
2:38 of 2nd period - Stopped by Petr Mrazek with a rebound.
3:14 of 2nd period - Snap shot by Mark Jankowski.
3:14 of 2nd period - Shot Misses the Net.
5:23 of 2nd period - Wrist shot by Daniel Zaar.
5:23 of 2nd period - Shot Misses the Net.
5:25 of 2nd period - Slapshot by Travis Hamonic.
5:25 of 2nd period - Stopped by Cory Schneider without a rebound.
5:26 of 2nd period - Nicklas Backstrom wins face-off versus Gilbert Brule in Capitals zone.
5:26 of 2nd period - Nicklas Backstrom is hit by Gilbert Brule.
5:32 of 2nd period - Daniel Zaar is hit by Patrick Kane and loses puck.
5:39 of 2nd period - Patrick Kane is hit by Mark Jankowski and loses puck.
5:56 of 2nd period - Marko Dano is hit by Tyler Cuma and loses puck.
7:49 of 2nd period - Wrist shot by Daniel Zaar.
7:49 of 2nd period - Shot Misses the Net.
8:09 of 2nd period - Taylor Hall is hit by Jordan Eberle and loses puck.
8:14 of 2nd period - Slapshot by Jordan Eberle.
8:14 of 2nd period - Stopped by Cory Schneider without a rebound.
8:15 of 2nd period - Nicklas Backstrom wins face-off versus Chris Tierney in Capitals zone.
8:15 of 2nd period - Nicklas Backstrom is hit by Ben Harpur.
8:50 of 2nd period - Snap shot by J.T. Miller.
8:50 of 2nd period - Stopped by Cory Schneider without a rebound.
8:51 of 2nd period - Nicklas Backstrom wins face-off versus Yanni Gourde in Capitals zone.
9:24 of 2nd period - Snap shot by Gilbert Brule.
9:24 of 2nd period - Stopped by Cory Schneider with a rebound.
9:30 of 2nd period - Daniel Zaar is hit by Marko Dano and loses puck.
9:45 of 2nd period - Slapshot by Oliver Ekman-Larsson.
9:45 of 2nd period - Shot Blocked by Cody Hodgson.
9:57 of 2nd period - Minor Penalty to Nicolas Aube-Kubel for Cross-checking.
9:58 of 2nd period - J.T. Miller wins face-off versus Patrick Kane in Capitals zone.
10:34 of 2nd period - Slapshot by Ben Harpur.
10:34 of 2nd period - Stopped by Cory Schneider without a rebound.
10:35 of 2nd period - Nicklas Backstrom wins face-off versus Yanni Gourde in Capitals zone.
10:35 of 2nd period - Nicklas Backstrom is hit by Yanni Gourde.
11:07 of 2nd period - Snap shot by Chris Tierney.
11:07 of 2nd period - Shot Blocked by Shea Theodore.
11:09 of 2nd period - Snap shot by Chris Tierney.
11:09 of 2nd period - Stopped by Cory Schneider without a rebound.
11:10 of 2nd period - Nicklas Backstrom wins face-off versus Yanni Gourde in Capitals zone.
11:37 of 2nd period - Patrick Kane is hit by Travis Hamonic.
11:56 of 2nd period - Icing by J.T. Miller.
11:57 of 2nd period - Penalty to Nicolas Aube-Kubel is over, Nicolas Aube-Kubel is back on ice.
11:57 of 2nd period - Joe Colborne wins face-off versus Yanni Gourde in Canucks zone.
12:11 of 2nd period - Icing by Brandon Gormley.
12:12 of 2nd period - Chris Tierney wins face-off versus Joe Colborne in Capitals zone.
12:15 of 2nd period - Wrist shot by Jordan Eberle.
12:15 of 2nd period - Shot Misses the Net.
12:23 of 2nd period - Wrist shot by J.T. Miller.
12:23 of 2nd period - Stopped by Cory Schneider with a rebound.
12:51 of 2nd period - Slapshot by Taylor Hall.
12:51 of 2nd period - Deflect By Patrick Kane.
12:51 of 2nd period - Stopped by Petr Mrazek with a rebound.
12:53 of 2nd period - Slapshot by Shea Theodore.
12:53 of 2nd period - Stopped by Petr Mrazek without a rebound.
12:54 of 2nd period - Nicklas Backstrom wins face-off versus Robert Nilsson in Canucks zone.
13:28 of 2nd period - Wrist shot by Marko Dano.
13:28 of 2nd period - Deflect By Joe Colborne.
13:28 of 2nd period - Shot Misses the Net.
13:28 of 2nd period - Puck is out of play.
13:29 of 2nd period - Joe Colborne wins face-off versus Chris Tierney in Canucks zone.
14:00 of 2nd period - Wrist shot by Nicklas Backstrom.
14:00 of 2nd period - Shot Misses the Net.
14:02 of 2nd period - Snap shot by Nicklas Backstrom.
14:02 of 2nd period - Goal by Nicklas Backstrom - Capitals : 1 - Canucks : 0.
14:03 of 2nd period - Nicklas Backstrom wins face-off versus Chris Tierney in neutral zone.
14:07 of 2nd period - Icing by Oliver Ekman-Larsson.
14:08 of 2nd period - Chris Tierney wins face-off versus Nicklas Backstrom in Canucks zone.
15:22 of 2nd period - Snap shot by Phil Kessel.
15:22 of 2nd period - Stopped by Petr Mrazek without a rebound.
15:23 of 2nd period - Nicklas Backstrom wins face-off versus Chris Tierney in Canucks zone.
15:36 of 2nd period - Snap shot by J.T. Miller.
15:36 of 2nd period - Stopped by Cory Schneider with a rebound.
15:38 of 2nd period - Slapshot by Michael Kesselring.
15:38 of 2nd period - Stopped by Cory Schneider without a rebound.
15:39 of 2nd period - Yanni Gourde wins face-off versus Joe Colborne in Capitals zone.
17:02 of 2nd period - Slapshot by Denis Gurianov.
17:02 of 2nd period - Shot Misses the Net.
17:36 of 2nd period - Patrick Kane is hit by Jordan Eberle and loses puck.
17:43 of 2nd period - Wrist shot by J.T. Miller.
17:43 of 2nd period - Stopped by Cory Schneider without a rebound.
17:44 of 2nd period - Yanni Gourde wins face-off versus Nicklas Backstrom in Capitals zone.
18:15 of 2nd period - Slapshot by Marko Dano.
18:15 of 2nd period - Stopped by Petr Mrazek without a rebound.
18:16 of 2nd period - Joe Colborne wins face-off versus J.T. Miller in Canucks zone.
18:17 of 2nd period - Slapshot by Marko Dano.
18:17 of 2nd period - Stopped by Petr Mrazek without a rebound.
18:18 of 2nd period - Nicklas Backstrom wins face-off versus Chris Tierney in Canucks zone.
18:27 of 2nd period - Wrist shot by Patrick Kane.
18:27 of 2nd period - Shot Misses the Net.
18:29 of 2nd period - Snap shot by Nicklas Backstrom.
18:29 of 2nd period - Shot Blocked by J.T. Miller.
18:31 of 2nd period - Wrist shot by Brandon Burlon.
18:31 of 2nd period - Shot Misses the Net.
18:33 of 2nd period - Wrist shot by Taylor Hall.
18:33 of 2nd period - Shot Misses the Net.
18:35 of 2nd period - Slapshot by Brandon Burlon.
18:35 of 2nd period - Shot Blocked by Oliver Ekman-Larsson.
18:51 of 2nd period - Slapshot by Yanni Gourde.
18:51 of 2nd period - Shot Misses the Net.
19:51 of 2nd period - Slapshot by Patrick Kane.
19:51 of 2nd period - Shot Misses the Net.
Goals for this period are 1 for Capitals vs 0 for Canucks.
Shots for this period are 9 for Capitals vs 12 for Canucks.
3rd period
0:01 of 3rd period - Nicklas Backstrom wins face-off versus Chris Tierney in neutral zone.
0:04 of 3rd period - Oliver Ekman-Larsson is hit by Taylor Hall and loses puck.
0:50 of 3rd period - Slapshot by Cody Hodgson.
0:50 of 3rd period - Stopped by Petr Mrazek without a rebound.
0:51 of 3rd period - Joe Colborne wins face-off versus Robert Nilsson in Canucks zone.
0:52 of 3rd period - Snap shot by Marko Dano.
0:52 of 3rd period - Goal by Marko Dano - Capitals : 2 - Canucks : 0.
0:53 of 3rd period - Chris Tierney wins face-off versus Nicklas Backstrom in neutral zone.
1:16 of 3rd period - Minor Penalty to Brandon Gormley for Slashing.
1:17 of 3rd period - Chris Tierney wins face-off versus Patrick Kane in Capitals zone.
1:18 of 3rd period - Slapshot by J.T. Miller.
1:18 of 3rd period - Shot Misses the Net.
1:20 of 3rd period - Slapshot by Oliver Ekman-Larsson.
1:20 of 3rd period - Deflect By J.T. Miller.
1:20 of 3rd period - Shot Misses the Net.
1:20 of 3rd period - Puck is out of play.
1:21 of 3rd period - Patrick Kane wins face-off versus Chris Tierney in Capitals zone.
1:30 of 3rd period - Off-side.
1:31 of 3rd period - Chris Tierney wins face-off versus Patrick Kane in neutral zone.
1:34 of 3rd period - Slapshot by Oliver Ekman-Larsson.
1:34 of 3rd period - Stopped by Cory Schneider without a rebound.
1:35 of 3rd period - Patrick Kane wins face-off versus Chris Tierney in Capitals zone.
1:48 of 3rd period - Slapshot by Oliver Ekman-Larsson.
1:48 of 3rd period - Shot Blocked by Taylor Hall.
1:50 of 3rd period - Wrist shot by Chris Tierney.
1:50 of 3rd period - Shot Misses the Net.
2:04 of 3rd period - Slapshot by Brock Boeser.
2:04 of 3rd period - Deflect By Yanni Gourde.
2:04 of 3rd period - Shot Misses the Net.
2:04 of 3rd period - Puck is out of play.
2:05 of 3rd period - Patrick Kane wins face-off versus Yanni Gourde in Capitals zone.
2:51 of 3rd period - Taylor Hall is hit by Jordan Eberle and loses puck.
2:56 of 3rd period - Snap shot by J.T. Miller.
2:56 of 3rd period - Stopped by Cory Schneider with a rebound.
3:16 of 3rd period - Penalty to Brandon Gormley is over, Brandon Gormley is back on ice.
3:49 of 3rd period - Daniel Zaar is hit by Colten Teubert.
4:01 of 3rd period - Michael Kesselring is hit by Phil Kessel.
4:11 of 3rd period - Gilbert Brule is hit by Alexei Marchenko and loses puck.
4:18 of 3rd period - Snap shot by Marko Dano.
4:18 of 3rd period - Stopped by Petr Mrazek without a rebound.
4:19 of 3rd period - Chris Tierney wins face-off versus Cody Hodgson in Canucks zone.
4:28 of 3rd period - Nicolas Aube-Kubel is hit by Chris Tierney and loses puck.
4:53 of 3rd period - Snap shot by Brock Boeser.
4:53 of 3rd period - Stopped by Cory Schneider without a rebound.
4:54 of 3rd period - Nicklas Backstrom wins face-off versus Yanni Gourde in Capitals zone.
4:56 of 3rd period - Minor Penalty to Taylor Hall for Hooking.
4:57 of 3rd period - Patrick Kane wins face-off versus Chris Tierney in Capitals zone.
5:08 of 3rd period - Blake Pietila is hit by Jordan Eberle and loses puck.
5:55 of 3rd period - Slapshot by Chris Tierney.
5:55 of 3rd period - Stopped by Cory Schneider without a rebound.
5:56 of 3rd period - Yanni Gourde wins face-off versus Patrick Kane in Capitals zone.
6:11 of 3rd period - Snap shot by Yanni Gourde.
6:11 of 3rd period - Shot Blocked by Shea Theodore.
6:56 of 3rd period - Penalty to Taylor Hall is over, Taylor Hall is back on ice.
7:48 of 3rd period - Icing by Blake Pietila.
7:49 of 3rd period - Cody Hodgson wins face-off versus Robert Nilsson in Capitals zone.
8:18 of 3rd period - Slapshot by Marko Dano.
8:18 of 3rd period - Stopped by Petr Mrazek without a rebound.
8:19 of 3rd period - Chris Tierney wins face-off versus Joe Colborne in Canucks zone.
8:19 of 3rd period - Chris Tierney is hit by Marko Dano.
9:15 of 3rd period - Slapshot by Mike Green.
9:15 of 3rd period - Stopped by Petr Mrazek without a rebound.
9:16 of 3rd period - Nicklas Backstrom wins face-off versus Chris Tierney in Canucks zone.
9:21 of 3rd period - Wrist shot by Patrick Kane.
9:21 of 3rd period - Shot Blocked by Travis Hamonic.
9:38 of 3rd period - Icing by Nicklas Backstrom.
9:39 of 3rd period - Nicklas Backstrom wins face-off versus Yanni Gourde in Capitals zone.
9:59 of 3rd period - Icing by Ben Harpur.
10:00 of 3rd period - Joe Colborne wins face-off versus Yanni Gourde in Canucks zone.
10:01 of 3rd period - Snap shot by Marko Dano.
10:01 of 3rd period - Stopped by Petr Mrazek with a rebound.
10:03 of 3rd period - Wrist shot by Marko Dano.
10:03 of 3rd period - Stopped by Petr Mrazek without a rebound.
10:04 of 3rd period - Chris Tierney wins face-off versus Joe Colborne in Canucks zone.
10:13 of 3rd period - Backhand shot by Marko Dano.
10:13 of 3rd period - Deflect By Bobby Ryan.
10:13 of 3rd period - Shot Blocked by Travis Hamonic.
10:13 of 3rd period - Puck is out of play.
10:14 of 3rd period - Chris Tierney wins face-off versus Nicklas Backstrom in Canucks zone.
10:23 of 3rd period - Snap shot by Chris Tierney.
10:23 of 3rd period - Goal by Chris Tierney - Capitals : 2 - Canucks : 1.
10:24 of 3rd period - Nicklas Backstrom wins face-off versus Chris Tierney in neutral zone.
10:51 of 3rd period - Alexei Marchenko is hit by Yanni Gourde and loses puck.
11:00 of 3rd period - Snap shot by Joe Colborne.
11:00 of 3rd period - Stopped by Petr Mrazek with a rebound.
11:02 of 3rd period - Slapshot by Shea Theodore.
11:02 of 3rd period - Deflect By Bobby Ryan.
11:02 of 3rd period - Stopped by Petr Mrazek with a rebound.
11:50 of 3rd period - Wrist shot by Gilbert Brule.
11:50 of 3rd period - Stopped by Cory Schneider without a rebound.
11:51 of 3rd period - Joe Colborne wins face-off versus Chris Tierney in Capitals zone.
11:51 of 3rd period - Joe Colborne is hit by Jordan Eberle.
12:03 of 3rd period - Snap shot by Joe Colborne.
12:03 of 3rd period - Stopped by Petr Mrazek with a rebound.
12:05 of 3rd period - Minor Penalty to Tyler Cuma for Holding.
12:06 of 3rd period - Taylor Hall wins face-off versus Chris Tierney in Canucks zone.
12:21 of 3rd period - Slapshot by Patrick Kane.
12:21 of 3rd period - Shot Misses the Net.
12:23 of 3rd period - Wrist shot by Patrick Kane.
12:23 of 3rd period - Deflect By Taylor Hall.
12:23 of 3rd period - Shot Misses the Net.
12:23 of 3rd period - Puck is out of play.
12:24 of 3rd period - J.T. Miller wins face-off versus Cody Hodgson in Canucks zone.
12:39 of 3rd period - Snap shot by Bobby Ryan.
12:39 of 3rd period - Shot Misses the Net.
12:41 of 3rd period - Backhand shot by Marko Dano.
12:41 of 3rd period - Deflect By Bobby Ryan.
12:41 of 3rd period - Shot Blocked by Oliver Ekman-Larsson.
12:41 of 3rd period - Puck is out of play.
12:42 of 3rd period - Nicklas Backstrom wins face-off versus Chris Tierney in Canucks zone.
12:45 of 3rd period - Wrist shot by Patrick Kane.
12:45 of 3rd period - Stopped by Petr Mrazek without a rebound.
12:46 of 3rd period - Chris Tierney wins face-off versus Nicklas Backstrom in Canucks zone.
12:57 of 3rd period - Chris Tierney is hit by Nicklas Backstrom and loses puck.
13:48 of 3rd period - Ben Harpur is hit by Cody Hodgson.
14:05 of 3rd period - Penalty to Tyler Cuma is over, Tyler Cuma is back on ice.
15:11 of 3rd period - Slapshot by Denis Gurianov.
15:11 of 3rd period - Shot Blocked by Brandon Burlon.
15:41 of 3rd period - Minor Penalty to Gilbert Brule for Cross-checking.
15:42 of 3rd period - Nicklas Backstrom wins face-off versus Chris Tierney in Canucks zone.
15:53 of 3rd period - Snap shot by Patrick Kane.
15:53 of 3rd period - Stopped by Petr Mrazek without a rebound.
15:54 of 3rd period - Chris Tierney wins face-off versus Nicklas Backstrom in Canucks zone.
16:25 of 3rd period - Slapshot by Alexei Marchenko.
16:25 of 3rd period - Shot Misses the Net.
16:27 of 3rd period - Slapshot by Alexei Marchenko.
16:27 of 3rd period - Deflect By Oliver Ekman-Larsson.
16:27 of 3rd period - Stopped by Petr Mrazek with a rebound.
17:41 of 3rd period - Penalty to Gilbert Brule is over, Gilbert Brule is back on ice.
17:57 of 3rd period - Slapshot by Brock Boeser.
17:57 of 3rd period - Shot Misses the Net.
17:59 of 3rd period - Snap shot by Ben Harpur.
17:59 of 3rd period - Stopped by Cory Schneider with a rebound.
18:01 of 3rd period - Snap shot by Gilbert Brule.
18:01 of 3rd period - Stopped by Cory Schneider with a rebound.
18:15 of 3rd period - Tyler Cuma is hit by Marko Dano and loses puck.
18:42 of 3rd period - Minor Penalty to Matt Martin for Slashing.
18:43 of 3rd period - Chris Tierney wins face-off versus Nicklas Backstrom in Canucks zone.
18:54 of 3rd period - Backhand shot by Nicklas Backstrom.
18:54 of 3rd period - Deflect By Travis Hamonic.
18:54 of 3rd period - Stopped by Petr Mrazek with a rebound.
19:38 of 3rd period - Patrick Kane is hit by Oliver Ekman-Larsson.
Goals for this period are 1 for Capitals vs 1 for Canucks.
Shots for this period are 14 for Capitals vs 8 for Canucks.